[Event "*** Titled Tuesday Blitz"]
[Site "Chess.com"]
[Date "2020.11.24"]
[Round "8"]
[White "TST2014"]
[Black "GMKrikor"]
[Result "1-0"]
[WhiteElo "2521"]
[BlackElo "2704"]
[TimeControl "180+1"]
[EndTime "11:47:21 PST"]
[Termination "TST2014 won by checkmate"]

1. d4 Nf6 2. c4 g6 3. Nc3 d5 4. Nf3 Bg7 5. Bg5 dxc4 6. e4 c5 7. d5 b5 8. d6 Bb7 9. e5 Ne4 10. Nxe4 Bxe4 11. a4 a6 12. axb5 axb5 13. Bxe7 Qd7 14.
Rxa8 Bxa8 15. Be2 Nc6 16. Qd5 Bb7 17. Qxc5 Nxe7 18. dxe7 Qc6 19. Qb4 f6 20. O-O fxe5 21. Rd1 Bf6 22. Rd8+ Kf7 23. Rf8+ Kg7 24. Bf1 e4 25.
e8=Q Qxe8 26. Rxe8 Rxe8 27. Ne1 Re5 28. Qd6 e3 29. fxe3 Rxe3 30. Qd7+ Re7 31. Qxb5 Ba8 32. Nf3 Rc7 33. Bxc4 Bc6 34. Qc5 Rc8 35. b4 Bd7 36. Qa7 Rxc4 37. Qxd7+ Kh6 38. Qd2+ Kg7 39. b5 Rc5 40. Qd7+ Kh6 41. Qd6 Rc1+ 42. Kf2 Rc2+ 43. Kg3 Kg7 44. Qd7+ Kh6 45. Qe6 Kg7 46. b6 Rb2 47.
Qd7+ Kh6 48. b7 Rb3 49. Qd2+ Kg7 50. Qd6 Kh6 51. Qxf6 Rxb7 52. Qf8+ Kh5 53. Qf6 Kh6 54.
Qf4+ Kg7 55. Qd4+ Kh6 56. h4 Rb5 57. Ng5 Rb3+ 58. Kg4 Rg3+ 59. Kxg3 Kh5 60. Qg4+ Kh6 61. Nf3 Kg7 62. Qd7+ Kh6 63. Qe7 g5 64. Qxg5# 1-0

[Event "*** Titled Tuesday Blitz"]
[Site "Chess.com"]
[Date "2020.11.24"]
[Round "8"]
[White "vovachesss"]
[Black "sorrm8thatscheckm8"]
[Result "1/2-1/2"]
[WhiteElo "2663"]
[BlackElo "2508"]
[TimeControl "180+1"]
[EndTime "11:47:23 PST"]
[Termination "Game drawn - insufficient material"]

1. e4 e6 2. Qe2 Be7 3. Nf3 d5 4. d3 Nf6 5. g3 O-O 6. Bg2 c5 7. O-O Nc6 8. c3 b5 9. a4 Rb8 10. Bf4 Rb6 11. axb5 Rxb5 12. Na3 Rb6 13. exd5 exd5 14.
Rfe1 Re8 15. Qc2 h6 16. Ne5 Nxe5 17. Bxe5 Bf5 18. Qa4 Rxb2 19. Bxf6 gxf6 20. Re3 Be6 21. Rae1 Rb7 22. Rxe6 fxe6 23. Qg4+ Kh8 24. Qxe6 Rb6 25. Qf7 f5 26. Qxf5 Rf8 27. Qh5 c4 28. Nc2 cxd3 29. Nd4 d2 30. Rd1 Bg5 31. f4 Bf6 32. Rxd2 Bxd4+ 33. Rxd4 Qe8 34. Qxe8 Rxe8 35. Bxd5 Rc8 36. c4 a5 37. Rd3 a4 38. Ra3 Rb4 39. Kf2 Rc5 40. Ke3 Ra5 41. Kd4 Kg7 42. Kc3 Rb1 43. Be4 Re1 44. Bc2 Re3+ 45. Kb4 Rxa3 46. Kxa3 Kf6 47. Bxa4 Kf5 48. Kb4 Ra7 49. c5 Kg4 50. c6 Kh3 51. Kc5 Kxh2 52. Bb5 Kxg3 53. f5 Kf4 54. Bd3 Ke5 55. Kb6 Rf7 56. c7 Rxc7 57.
Kxc7 h5 58. Bf1 Kxf5 59. Bh3+ Kf4 60. Bd7 h4 61. Bc8 Kg3 62. Bd7 h3 63. Bxh3 1/2-1/2

[Event "*** Titled Tuesday Blitz"]
[Site "Chess.com"]
[Date "2020.11.24"]
[Round "8"]
[White "Jumbo"]
[Black "Astaneh"]
[Result "1-0"]
[WhiteElo "2841"]
[BlackElo "2618"]
[TimeControl "180+1"]
[EndTime "11:47:24 PST"]
[Termination "Jumbo won by resignation"]

1. d4 Nf6 2. Bf4 b6 3. c4 Bb7 4.
Nc3 e6 5. a3 Be7 6. Nf3 Bxf3 7.
gxf3 Nc6 8. d5 exd5 9. cxd5 Na5 10. Nb5 d6 11. e4 O-O 12. b4 c6 13. Nc3 cxd5 14. bxa5 dxe4 15. fxe4 Rc8 16. Rc1 d5 17.
Ba6 Rc5 18. O-O Rxa5 19. Bb7 Bxa3 20. Rc2 d4 21. e5 Qb8 22. Qf3 Nh5 23. Qxh5 dxc3 24.
Be4 g6 25. Qf3 Bb2 26. Rd1 Re8 27. Rd7 Rf8 28. Bd5 Qe8 29. Rc7 Qd8 30. e6 Qxd5 31.
Qxd5 Rxd5 32. Bh6 Rd1+ 33. Kg2 fxe6 34. Bxf8 Kxf8 35. Rxh7 Rd2 36. Rxd2 cxd2 37. Rd7 Bc3 38. Kf3 a5 39. Ke2 a4 40. Rc7 Bb4 41. Rc4 Ba5 42.
Rxa4 Kf7 43. Rg4 Kf6 44. h4 Kf5 45. Rg5+ Kf6 46. Rb5 e5 47. f3 Kf5 48. Rb3 Kf4 49. Rd3 Kf5 50. Rd6 e4 51. Rd5+ Kf4 52. fxe4 Kxe4 53. Rg5 Kd4 54. Rxg6 Kc3 55. Kd1 b5 56. h5 b4 57. h6 b3 58. h7 Kb2 59.
h8=Q+ Bc3 60. Qh3 Bb4 61. Rb6 Ka3 62. Rxb4 Kxb4 63. Kxd2 Ka3 64. Qc3 Ka2 65. Kc1 1-0

[Event "*** Titled Tuesday Blitz"]
[Site "Chess.com"]
[Date "2020.11.24"]
[Round "8"]
[White "rugbyclub"]
[Black "keepitcoming"]
[Result "1/2-1/2"]
[WhiteElo "2188"]
[BlackElo "2362"]
[TimeControl "180+1"]
[EndTime "11:47:25 PST"]
[Termination "Game drawn by repetition"]

1. d4 d5 2. Bf4 Nf6 3. e3 Bf5 4. c4 e6 5. Nc3 Bd6 6. Bg3 O-O 7. Nf3 c5 8. dxc5 Bxc5 9. Nh4 Bg4 10. Qc2 d4 11.
exd4 Qxd4 12. Nb5 Bb4+ 13. Nc3 Ne4 14. Bd3 Nxc3 15. O-O Na4 16. Bxh7+ Kh8 17. Qxa4 Nc6 18. a3 Be7 19. Qc2 Rac8 20. b3 Bh5 21. Be4 f5 22.
Nf3 Qxe4 23. Qxe4 fxe4 24. Ne5 Nxe5 25. Bxe5 Bf6 26. Bd6 Bxa1 27. Bxf8 Rxf8 28. Rxa1 Rd8 29. Rc1 Rd3 30. b4 Rd1+ 31. Rxd1 Bxd1 32. Kf1 Kg8 33.
Ke1 Bb3 34. c5 Kf7 35. Kd2 Kf6 36. Ke3 Bc2 37. Kd4 e5+ 38. Kd5 Bb3+ 39. Kd6 Ba4 40. h4 Bc6 41. Kc7 a6 42. a4 e3 43. fxe3 Bxg2 44. b5 axb5 45. axb5 Kf5 46. c6 bxc6 47.
bxc6 Kg4 48. Kd6 Bxc6 49. Kxc6 Kf3 50. Kd6 e4 51. Ke6 Kxe3 52. Kf7 Kf2 53. Kxg7 e3 54. h5 e2 55. h6 e1=Q 56. h7 Qe7+ 57. Kg8 Qe6+ 58. Kg7 Qe5+ 59. Kg8 Qg3+ 60. Kf8 Qf4+ 61. Kg8 Qg5+ 62. Kf8 Qh6+ 63. Kg8 Qg6+ 64. Kh8 Qe6 65. Kg7 Qe7+ 66. Kg8 Qe8+ 67. Kg7 Qd7+ 68. Kg8 Qg4+ 69. Kh8 Qh5 70. Kg7 Qg5+ 71. Kh8 Qe5+ 72. Kg8 Qe8+ 73. Kg7 Qe7+ 1/2-1/2

[Event "*** Titled Tuesday Blitz"]
[Site "Chess.com"]
[Date "2020.11.24"]
[Round "8"]
[White "Smirnov_Pavel"]
[Black "Gabrielian_Artur"]
[Result "1/2-1/2"]
[WhiteElo "2829"]
[BlackElo "2769"]
[TimeControl "180+1"]
[EndTime "11:47:26 PST"]
[Termination "Game drawn by repetition"]

1. d4 Nf6 2. c4 e6 3. Nf3 Bb4+ 4. Nc3 d5 5. Bg5 h6 6. Bxf6 Qxf6 7. e3 O-O 8. Rc1 c5 9. cxd5 exd5 10. dxc5 Be6 11. Qd4 Qxd4 12. exd4 Re8 13. Kd2 Nc6 14. Bb5 Ba5 15.
Rhe1 Bc7 16. g3 Rab8 17. a3 a6 18. Ba4 Red8 19. Re3 Ne7 20. Bc2 b6 21. cxb6 Bxb6 22. Na4 Ba7 23. Bd3 Rd6 24. Rc7 Nc6 25. Ne5 Nxe5 26. Rxa7 Nc4+ 27. Bxc4 dxc4 28. Kc3 Rb3+ 29. Kc2 Bf5+ 30. Kc1 Rxd4 31. Ra8+ Kh7 32. Rxb3 cxb3 33. Rxa6 Bc2 34. Nc3 Rd3 35. Ra4 g5 36. Ra7 Kg6 37. Re7 Rf3 38. Re2 h5 39. a4 h4 40. a5 Rf5 41. a6 Ra5 42. Re7 Rxa6 43. Kd2 Rd6+ 44. Ke2 h3 45. Rb7 g4 46. Rb4 Re6+ 47. Kd2 f5 48.
Rb8 Rd6+ 49. Ke1 Re6+ 50. Kd2 Rd6+ 51. Ke3 Rd3+ 52. Kf4 Rf3+ 53. Ke5 Rxf2 54. Nd5 Re2+ 55. Kd4 Rd2+ 56. Ke5 Re2+ 57. Kd4 Re4+ 58. Kc5 f4 59. Nxf4+ Kf7 60. Rb7+ Kf6 61. Nd5+ Kg6 62. Rb8 Re1 63. Nf4+ Kf7 64. Rb7+ Kf6 65. Rb6+ Kf7 66. Rb7+ Kf6 67. Rb6+ Kf7 68. Rb7+ 1/2-1/2

[Event "*** Titled Tuesday Blitz"]
[Site "Chess.com"]
[Date "2020.11.24"]
[Round "8"]
[White "vova-79"]
[Black "lucachess49"]
[Result "1/2-1/2"]
[WhiteElo "2483"]
[BlackElo "2345"]
[TimeControl "180+1"]
[EndTime "11:47:28 PST"]
[Termination "Game drawn by repetition"]

1. d4 Nf6 2. c4 e6 3. Nc3 Bb4 4. e3 O-O 5. Ne2 Re8 6. a3 Bf8 7. Ng3 d6 8. Be2 Nbd7 9. O-O b6 10. Bf3 Rb8 11. e4 e5 12. d5 g6 13. b4 h5 14. h3 Be7 15. Be3 h4 16. Nge2 Nh7 17. Bg4 Bg5 18. Qd2 Bxe3 19. fxe3 Qg5 20. Nb5 Rb7 21. Rab1 a6 22. Nbc3 Rb8 23. Kh1 Rf8 24. Ng1 f5 25. exf5 gxf5 26. Be2 Ndf6 27. Nf3 Qh6 28. c5 bxc5 29. bxc5 Rxb1 30. Rxb1 Nh5 31. e4 Ng3+ 32. Kh2 Qxd2 33. Nxd2 Ng5 34. cxd6 cxd6 35. Bf3 Nxf3+ 36. Nxf3 fxe4 37. Nxh4 Nf1+ 38. Kg1 Nd2 39. Rb2 Nc4 40. Re2 e3 41. Nd1 Bb7 42.
Nxe3 Nxe3 43. Rxe3 Rc8 44. Nf5 Rc1+ 45. Kh2 Bxd5 46.
Nxd6 Rc2 47. Ne4 Kg7 48. Kg3 Ra2 49. h4 Bxe4 50. Rxe4 Rxa3+ 51. Kg4 Kf6 52. h5 Ra1 53. Kg3 Rh1 54. Ra4 Rxh5 55. Rxa6+ Kf5 56. Kf3 Rh1 57. Ra8 Rf1+ 58. Ke2 Rb1 59. Ra2 Rb3 60. Rc2 e4 61.
Rc8 Kf4 62. Rf8+ Ke5 63. Re8+ Kf4 64. Rf8+ Ke5 65. Re8+ Kf4 66. Rf8+ 1/2-1/2

[Event "*** Titled Tuesday Blitz"]
[Site "Chess.com"]
[Date "2020.11.24"]
[Round "8"]
[White "PriSachu"]
[Black "AbdAlAgathos"]
[Result "1-0"]
[WhiteElo "2538"]
[BlackElo "2377"]
[TimeControl "180+1"]
[EndTime "11:47:29 PST"]
[Termination "PriSachu won by resignation"]

1. e4 e6 2. Bb5 c6 3. Ba4 b5 4. Bb3 d5 5. e5 c5 6. c3 Bb7 7.
Nf3 Ne7 8. O-O Ng6 9. Re1 d4 10. d3 Nd7 11. cxd4 cxd4 12. Nxd4 Qb6 13. Nf3 Bb4 14. Bd2 Bxd2 15. Nbxd2 O-O 16. Qe2 Rfd8 17. d4 Nb8 18. Qe3 Nc6 19. d5 Qxe3 20. Rxe3 exd5 21. e6 fxe6 22. Rxe6 Nf4 23. Ree1 Nd3 24. Re6 Nxb2 25. Rc1 Nc4 26. a4 a6 27. Nf1 Re8 28. Rce1 Rxe6 29.
Rxe6 N6a5 30. Bc2 b4 31. Nd4 Rd8 32. Ne3 Nxe3 33. fxe3 Nc4 34. Bb3 Nd2 35. Kf2 Ne4+ 36. Ke2 Kf8 37. Rb6 Rb8 38. Nc6 Bxc6 39. Rxb8+ Ke7 40. Rxb4 Kd6 41. Rb6 Kc5 42. Rxa6 g5 43. Bc2 Nc3+ 44. Kd2 Na2 45. Ra7 Nb4 46. Rg7 h6 47.
Rg6 Nxc2 48. Kxc2 Bxa4+ 49. Kc3 Bd7 50. Rxh6 Bf5 51. Rh5 Be4 52. Rxg5 Kd6 53. h4 Ke6 54.
Kd4 Kf6 55. Re5 Bxg2 56. Rg5 Be4 57. Rxd5 Bh7 58. Re5 Kg7 59. Rg5+ Kf6 60. e4 Kf7 61. e5 Kf8 62. Kc5 Bg8 63. Kd6 Bf7 64. e6 Be8 65.
e7+ Kf7 66. h5 Kf6 67. h6 Kxg5 68. h7 Kh6 69. h8=Q+ Kg6 70. Qxe8+ Kf6 71. Qf8+ 1-0

[Event "*** Titled Tuesday Blitz"]
[Site "Chess.com"]
[Date "2020.11.24"]
[Round "8"]
[White "HaryKane"]
[Black "geordie_derraugh"]
[Result "0-1"]
[WhiteElo "2578"]
[BlackElo "2483"]
[TimeControl "180+1"]
[EndTime "11:47:35 PST"]
[Termination "geordie_derraugh won by resignation"]

1. e4 c5 2. Nf3 e6 3. d4 cxd4 4. Nxd4 Nc6 5. Nc3 Qc7 6. Nxc6 bxc6 7. Bd3 Nf6 8. O-O d5 9. Re1 Be7 10. e5 Nd7 11. Qg4 g6 12. Bf4 Rb8 13. Rab1 h5 14. Qg3 h4 15. Qg4 h3 16. g3 g5 17. Bxg5 Rg8 18. f4 Bxg5 19. fxg5 Nxe5 20. Qf4 Rxg5 21. Kh1 f6 22. Qxf6 Nxd3 23. Qxg5 Nxe1 24. Qg8+ Kd7 25. Rxe1 Kd6 26. Qf8+ Qe7 27. Ne4+ Kd7 28. Nc5+ Kd6 29.
Ne4+ Kd7 30. Nf6+ Kd6 31. Qh6 Rxb2 32. Qf4+ e5 33. Qf2 Be6 34. Rd1 Rb6 35. Ne4+ Kc7 36.
Nc5 Qd6 37. Nd3 e4 38. Nf4 Qe5 39. a4 e3 40. Qe2 Qe4+ 41. Kg1 Bf5 42. c3 Rb3 43.
Rc1 Rb1 44. Qe1 Rxc1 45. Qxc1 e2 46. Kf2 e1=Q+ 47. Qxe1 Qc2+ 48. Qe2 Qxc3 49. Qe7+ Kb6 50. Qd8+ Kc5 51. Qf8+ Kc4 52. Qxf5 Qd4+ 53. Kf3 Qd1+ 54.
Ne2 Qh1+ 55. Ke3 Qxh2 56. Qd3+ Kc5 57. Qd4+ Kd6 58. Qf6+ Kc5 59. Qe7+ Kc4 60. Qh4+ Kc5 61. Qd4+ Kd6 62. Qf4+ Kc5 63. Kd3 Qg2 64. Qf8+ Kb6 65. Qb8+ Ka6 66. Qc8+ Kb6 67. Qb8+ Ka6 68. Nd4 Qxg3+ 69. Kc2 Qf2+ 70. Kc3 Qe3+ 71. Kc2 Qxd4 72. Qc8+ Kb6 73. Qb8+ Kc5 74. Qxa7+ Kc4 75. Qa6+ Kb4 76. Qb7+ Kxa4 77. Qxc6+ Kb4 78. Qd6+ Qc5+ 79. Qxc5+ Kxc5 0-1

[Event "*** Titled Tuesday Blitz"]
[Site "Chess.com"]
[Date "2020.11.24"]
[Round "8"]
[White "temus_galaktionov"]
[Black "yobdc"]
[Result "1-0"]
[WhiteElo "2694"]
[BlackElo "2486"]
[TimeControl "180+1"]
[EndTime "11:47:42 PST"]
[Termination "temus_galaktionov won on time"]

1. d4 Nf6 2. Nf3 e6 3. c4 Bb4+ 4. Nbd2 O-O 5. a3 Be7 6. e3 b6 7. b4 a5 8. b5 Bb7 9. Bb2 d6 10. Bd3 Nbd7 11. O-O Re8 12. Qc2 Bf8 13. Rfd1 Qc8 14.
a4 e5 15. Bf5 g6 16. Bh3 e4 17. Ne1 Qd8 18. Nb3 Qe7 19. Qe2 Bg7 20. Rac1 Nf8 21. Nc2 Ne6 22. d5 Ng5 23. Kh1 Nxh3 24. gxh3 Bc8 25.
Rg1 Bxh3 26. Rg3 Qd7 27. Nbd4 h5 28. f3 exf3 29. Qxf3 Bg4 30. Qf4 Ne4 31. Rgg1 Be5 32. Qf1 Qd8 33. Ne1 Qh4 34. Nef3 Qh3 35. Qxh3 Bxh3 36. Rc2 Bg7 37. Re1 Re7 38. Ng1 Bg4 39. h3 Bd7 40. Kg2 Rae8 41. Nc6 Bxc6 42. bxc6 Nc5 43. Bxg7 Kxg7 44. Kf3 Nxa4 45. h4 Nc5 46. Nh3 a4 47. Nf4 Re4 48. Rc3 Ra8 49. Ra1 Ra5 50. Ra2 Re8 51. Raa3 f6 52. Rc2 Kh6 53. Rh2 g5 54.
hxg5+ fxg5 55. Rxh5+ Kg7 56. Rxg5+ Kf6 57. Rg6+ Kf7 58. Rh6 Kg7 59. Rh2 Rh8 60. Rxh8 Kxh8 61. Ne2 Kg7 62. Nd4 Ra8 63. Nb5 Rc8 64. e4 Kf6 65. Kf4 Ke7 66. Rh3 Rf8+ 67. Ke3 Kd8 68. Rh7 Re8 69. Rxc7 Rxe4+ 70. Kf3 Rxc4 71. Ra7 Nd3 72. c7+ 1-0

[Event "*** Titled Tuesday Blitz"]
[Site "Chess.com"]
[Date "2020.11.24"]
[Round "8"]
[White "DenishevM"]
[Black "Eliwood44"]
[Result "1-0"]
[WhiteElo "2598"]
[BlackElo "2472"]
[TimeControl "180+1"]
[EndTime "11:47:44 PST"]
[Termination "DenishevM won by resignation"]

1. b3 d5 2. Bb2 Bf5 3. Nf3 e6 4. g3 Nf6 5. Bg2 h6 6. O-O c5 7. d3 Be7 8. Nbd2 O-O 9. Ne5 Nbd7 10. e4 Bh7 11. Qe2 Nxe5 12. Bxe5 Nd7 13. Bb2 Bf6 14. e5 Be7 15. f4 Rc8 16. c4 Nb8 17. cxd5 exd5 18.
f5 Re8 19. Qg4 f6 20. Rae1 Rf8 21. Qf3 d4 22. Qxb7 fxe5 23. Rxe5 Bd6 24. Ree1 Rc7 25.
Qd5+ Kh8 26. Ne4 Be7 27. Qxd8 Rxd8 28. Bc1 Na6 29. f6 gxf6 30. Nxf6 Bxd3 31. Rf4 Bf8 32. Rh4 Bg6 33. Ng4 d3 34. Bd2 h5 35. Ne5 Be8 36. Bf3 Be7 37. Rh3 Bf6 38. Bxh5 Rh7 39. g4 Bxe5 40. Rxe5 Bxh5 41. Rexh5 Rxh5 42. Rxh5+ Kg7 43.
Kf2 Nb4 44. Rxc5 Nxa2 45. Rc7+ Kg6 46. Rxa7 Nb4 47. Bxb4 d2 48. Bxd2 Rxd2+ 49. Kg3 Rd3+ 50. Kh4 Rxb3 51. Ra6+ Kg7 52. Kh5 Rb2 53. h4 Rb5+ 54.
g5 Rb4 55. Ra7+ Kg8 56. Kg6 Rb6+ 57. Kf5 Rb4 58. h5 Rb5+ 59. Kf4 Rb4+ 60. Ke3 Rb3+ 61. Kd4 Rh3 62. h6 Rg3 63. Ra5 Rg1 64. Ke4 Rf1 65. Ra7 Rf2 66. g6 Rf1 67. Ra8+ Rf8 68. h7+ Kg7 69. Rxf8 Kxg6 70. h8=Q Kg5 1-0

[Event "*** Titled Tuesday Blitz"]
[Site "Chess.com"]
[Date "2020.11.24"]
[Round "8"]
[White "AryanTari"]
[Black "Aleksey_Sorokin"]
[Result "1/2-1/2"]
[WhiteElo "2904"]
[BlackElo "2826"]
[TimeControl "180+1"]
[EndTime "11:47:49 PST"]
[Termination "Game drawn by repetition"]

1. e4 c6 2. Nc3 d5 3. Nf3 dxe4 4. Nxe4 Nf6 5. Qe2 Nxe4 6. Qxe4 Qd5 7. Qf4 Qf5 8. Qe3 Qe6 9. b3 Qxe3+ 10. fxe3 Bg4 11.
Bb2 Nd7 12. O-O-O e6 13. h3 Bh5 14. g4 Bg6 15. Be2 f6 16. d3 h6 17. e4 e5 18. Nh4 Bh7 19. Nf5 Bxf5 20. gxf5 c5 21.
Bh5+ Kd8 22. Rhg1 Nb8 23. Rg2 Nc6 24. a4 Kc7 25. h4 Rd8 26. Bc3 Nd4 27. Kb2 Rd7 28.
Rdg1 b6 29. Be8 Re7 30. Bb5 Nxb5 31. axb5 Rd7 32. Ra1 Kb8 33. h5 Bd6 34. Ra6 Kb7 35.
Kc1 Rc8 36. Kd2 Rcc7 37. Rg1 Bf8 38. Rga1 Kb8 39. Ke3 Rc8 40. R6a4 Rdc7 41. Kd2 Be7 42. R1a2 Bf8 43. b4 cxb4 44. Bxb4 Bxb4+ 45. Rxb4 Rd7 46. Rba4 Rc5 47. Rb2 Kb7 48. c3 Kb8 49. Ra3 Kb7 50. Ke3 Kb8 51. Rb4 Rdc7 52. Kd2 Rd7 53. Rab3 Rdc7 54.
d4 exd4 55. Rxd4 Re7 56. Kd3 Kb7 57. Rb1 Rec7 58. c4 Kc8 59. Rg1 Re5 60. Rd5 Ree7 61. Kd4 Kb7 62. Re1 a5 63. bxa6+ Kxa6 64. Rb1 Rc6 65. Rb4 Kb7 66. c5 Kc7 67. cxb6+ Rxb6 68. Rxb6 Kxb6 69. e5 fxe5+ 70. Rxe5 Rd7+ 71. Rd5 Kc6 72. Rxd7 Kxd7 73. Kd5 Ke7 74. Ke5 Kf7 75. Ke4 Ke7 76.
Ke5 Kf7 77. Ke4 Kf6 78. Kf4 Kf7 79. Ke5 Ke7 80. Ke4 Kd6 81. Kd4 Ke7 82. Ke5 1/2-1/2

[Event "*** Titled Tuesday Blitz"]
[Site "Chess.com"]
[Date "2020.11.24"]
[Round "8"]
[White "Cambek64"]
[Black "vladgoncharov"]
[Result "0-1"]
[WhiteElo "2303"]
[BlackElo "2484"]
[TimeControl "180+1"]
[EndTime "11:48:01 PST"]
[Termination "vladgoncharov won on time"]

1. d4 Nf6 2. c3 g6 3. Bf4 Bg7 4. e3 d6 5. h3 O-O 6. Nf3 b6 7. Be2 Bb7 8. O-O Nbd7 9. Nbd2 Ne4 10. Nxe4 Bxe4 11. Nd2 Bb7 12. a4 a6 13. Bf3 Qc8 14. Bxb7 Qxb7 15. Qf3 Qxf3 16. Nxf3 c5 17. Rfd1 Rfc8 18.
Kf1 b5 19. axb5 axb5 20. Ke2 Kf8 21. dxc5 Nxc5 22. Rxa8 Rxa8 23. Rxd6 exd6 24. Bxd6+ Ke8 25. Bxc5 Ra2 26. Ba3 b4 27. Bxb4 Rxb2+ 28. Nd2 Ra2 29. h4 Kd7 30. g3 Kc6 31. Kd3 Be5 32. Ke2 Kd5 33. Kd3 Ke6 34. e4 Bc7 35. Bc5 Kd7 36.
Bd4 Kc6 37. Nc4 Kb5 38. Be3 Ra1 39. Bd4 Rd1+ 40. Nd2 Kc6 41. Ke2 Ra1 42. Nf3 Ra2+ 43. Ke3 h6 44. Ne5+ Bxe5 45. Bxe5 Kc5 46. Bd4+ Kc4 47.
Bg7 h5 48. Bd4 Ra1 49. Kf4 Kd3 50. Kf3 Re1 51. e5 Kc4 52. Kf4 Kd5 53. Kf3 Ke6 54.
Kf4 Ra1 55. Ke4 Ra4 56. Kf4 Kd5 57. Ke3 Ra6 58. Kf4 Re6 59. Ke3 f6 60. f4 f5 61.
Kd3 Rc6 62. Be3 Rc8 63. Bd4 Ra8 64. c4+ Kc6 65. Bc3 Ra3 66. Kd4 Ra2 67. e6 Re2 68.
Kd3 Rxe6 69. Bd4 Re4 70. Be3 Re8 71. Kc3 Ra8 72. Kd4 Ra5 73. Bd2 Ra3 74. Be3 Rb3 75. c5 Ra3 76. Bf2 Rf3 77. Be1 Kb5 0-1

[Event "*** Titled Tuesday Blitz"]
[Site "Chess.com"]
[Date "2020.11.24"]
[Round "8"]
[White "Chigorinetz"]
[Black "Aradej"]
[Result "1/2-1/2"]
[WhiteElo "2561"]
[BlackElo "2446"]
[TimeControl "180+1"]
[EndTime "11:48:04 PST"]
[Termination "Game drawn by repetition"]

1. e4 d6 2. Nc3 Nf6 3. f4 e5 4. Nf3 Nbd7 5. d4 exd4 6. Qxd4 Be7 7. Be3 c6 8. O-O-O O-O 9. h3 Re8 10. e5 dxe5 11. fxe5 Qc7 12. exf6 Bc5 13. Qxc5 Nxc5 14.
Bxc5 gxf6 15. Bd3 Bf5 16. Bxf5 Qf4+ 17. Kb1 Qxf5 18. Bd4 Rad8 19. a4 a6 20. Rhf1 Re6 21.
g4 Qa5 22. g5 fxg5 23. Rg1 Rg6 24. Ne4 h6 25. Nf6+ Rxf6 26. Bxf6 Rxd1+ 27. Rxd1 Qf5 28. Rd8+ Kh7 29. Nxg5+ hxg5 30. Bc3 b5 31. axb5 axb5 32.
h4 gxh4 33. Rh8+ Kg6 34. Rxh4 c5 35. b4 Qf2 36. Re4 cxb4 37. Rxb4 f5 38. Kb2 Qe2 39. Rd4 Kg5 40. Bd2+ Kg6 41. Kb3 Kf6 42. c3 Ke5 43.
Bf4+ Ke6 44. Rd6+ Ke7 45. Rd4 Qf1 46. Kb2 Ke6 47. Rb4 Kf6 48. Rd4 Kg6 49. Rb4 Kh5 50.
Bd2 Qd3 51. Kc1 Qe2 52. Rd4 Kg6 53. Rf4 Kf6 54. Kc2 Ke5 55. Rb4 Kd5 56. Rd4+ Kc5 57. Rf4 Kb6 58. Rd4 Kc6 59. Rf4 Qe6 60. Rd4 Qa2+ 61.
Kc1 Kc5 62. Rf4 Kd5 63. Rd4+ Ke5 64. Rb4 Kf6 65. Rf4 Kg6 66. Rb4 Qd5 67. Rd4 Qb3 68. Rb4 Qa3+ 69. Kc2 Qa2+ 70. Kc1 Qd5 71. Rd4 Qh1+ 72.
Kc2 Qc6 73. Rb4 Kf6 74. Rd4 Ke5 75. Rb4 Ke6 76. Bf4 Qd5 77. Bd2 Qb7 78. Rd4 Kf6 79. Rb4 Kg6 80. Rd4 Qa6 81. Rb4 Qa2+ 82. Kc1 1/2-1/2

[Event "*** Titled Tuesday Blitz"]
[Site "Chess.com"]
[Date "2020.11.24"]
[Round "8"]
[White "klimkoj"]
[Black "maxip32"]
[Result "0-1"]
[WhiteElo "2613"]
[BlackElo "2501"]
[TimeControl "180+1"]
[EndTime "11:48:07 PST"]
[Termination "maxip32 won on time"]

1. e4 e5 2. Nf3 Nf6 3. Nxe5 d6 4. Nf3 Nxe4 5. d4 d5 6. Bd3 Be7 7. c4 c6 8. Nc3 Nxc3 9. bxc3 dxc4 10. Bxc4 O-O 11.
h3 Nd7 12. O-O Nb6 13. Bb3 Qd6 14. Ne5 Be6 15. Bf4 Bxb3 16. axb3 Nd5 17. Bd2 Bf6 18. Re1 Rfe8 19. c4 Nc7 20. Bc3 Ne6 21. Qd2 Rad8 22. Rad1 Bg5 23. Qe2 Bf6 24. Qe4 h6 25. g3 Ng5 26. Qg4 Qa3 27. h4 Ne6 28. Rb1 Qd6 29.
Qh5 Bxe5 30. Qxe5 Qxe5 31. Rxe5 f6 32. Re4 Kf7 33. Rbe1 g5 34. hxg5 hxg5 35. Kg2 Rd7 36. Kf3 Nc7 37. Rxe8 Nxe8 38. g4 Nc7 39. Bb4 Ne6 40. Bc3 Nxd4+ 41. Ke4 Ne6 42. Kf5 Ng7+ 43. Ke4 Re7+ 44. Kf3 Rxe1 45. Bxe1 Ke6 46. Ke4 Ne8 47.
Bc3 Nd6+ 48. Kd4 f5 49. gxf5+ Nxf5+ 50. Ke4 Nd6+ 51. Kd4 b6 52. Bd2 c5+ 53. Ke3 Kf5 54.
f3 Nf7 55. Be1 Ne5 56. Bg3 a6 57. Be1 b5 58. cxb5 axb5 59. Bc3 Nc6 60. Bg7 Ne5 61. Bf8 Nd7 62. Bd6 Ke6 63. Bg3 Kd5 64.
Be1 Ne5 65. Bc3 Nd7 66. Bd2 Ne5 67. Bc3 Nf7 68. Bd2 c4 69. bxc4+ Kxc4 70. f4 gxf4+ 71.
Kxf4 Nd6 72. Ke3 Nb7 73. Ke4 Nc5+ 74. Ke3 Na4 75. Ke2 Nc3+ 76. Ke3 b4 77. Bc1 Na2 78. Bb2 Kb3 79. Be5 Kc2 80. Bd6 b3 81. Ba3 Nc3 0-1

[Event "*** Titled Tuesday Blitz"]
[Site "Chess.com"]
[Date "2020.11.24"]
[Round "8"]
[White "canary2016"]
[Black "tylityli"]
[Result "1-0"]
[WhiteElo "2004"]
[BlackElo "2319"]
[TimeControl "180+1"]
[EndTime "11:48:07 PST"]
[Termination "canary2016 won on time"]

1. Nf3 Nf6 2. g3 d5 3. Bg2 b5 4. O-O e6 5. d4 c5 6. c3 Bb7 7. Bf4 Nbd7 8. a4 a6 9. Nbd2 Qb6 10. e3 Nh5 11. axb5 axb5 12. Rxa8+ Bxa8 13. Qa1 Bb7 14. Qa2 Nxf4 15. exf4 Bd6 16. Ra1 O-O 17. Qb3 Ra8 18.
Rxa8+ Bxa8 19. Qa2 Bb7 20. Nb3 Qa6 21. Qxa6 Bxa6 22.
Na5 b4 23. cxb4 cxb4 24. Nc6 Bc4 25. Nd2 b3 26. Na5 Bb4 27. Naxc4 dxc4 28. Nxc4 Kf8 29.
Bc6 Ke7 30. Ba4 Nf6 31. Bxb3 Ne4 32. Kf1 Nd2+ 33. Nxd2 Bxd2 34. Bc4 Kd6 35. Ke2 Bb4 36. Kd3 f6 37. f3 Be1 38. g4 h6 39. Ke4 Bd2 40.
f5 e5 41. dxe5+ fxe5 42. h3 Be1 43. f4 exf4 44. Kxf4 Bd2+ 45. Ke4 Bb4 46. h4 Be1 47. h5 Bb4 48. Be6 Bd2 49. Kd4 Bb4 50. Kc4 Ba5 51. b4 Bb6 52. Kb5 Kc7 53. Ka6 Bd4 54. b5 Bb6 55.
Bd5 Be3 56. Be4 Bd4 57. Bd3 Be3 58. Be2 Bd4 59. Bf3 Be3 60. Ka5 Bb6+ 61. Kb4 Kd6 62. Kc4 Ke5 63. Be2 Kd6 64. Bd1 Ke5 65. Kd3 Kd6 66. Ke4 Bc5 67. Bc2 Bb6 68. Bd3 Bc5 69. Be2 Bb6 70. Kf4 Bc5 71. g5 hxg5+ 72. Kxg5 Kc7 73. Kg6 Bd4 74. h6 gxh6 75. Kxh6 Kd6 76.
Kg6 Ke7 77. Bd3 Be5 78. b6 1-0

[Event "*** Titled Tuesday Blitz"]
[Site "Chess.com"]
[Date "2020.11.24"]
[Round "8"]
[White "GM_LOADING"]
[Black "Zubrrr"]
[Result "1/2-1/2"]
[WhiteElo "2489"]
[BlackElo "2640"]
[TimeControl "180+1"]
[EndTime "11:48:17 PST"]
[Termination "Game drawn by agreement"]

1. e4 c5 2. Nf3 d6 3. d4 cxd4 4. Nxd4 Nf6 5. Nc3 a6 6. Be2 e6 7. Nf3 Be7 8. O-O O-O 9. Be3 Qc7 10. a4 b6 11. Nd2 Bb7 12. Bd3 Nbd7 13. Qe2 Nc5 14.
Rad1 Rfd8 15. f4 Nxd3 16. cxd3 d5 17. e5 d4 18. exf6 Bxf6 19. Nce4 dxe3 20. Nxf6+ gxf6 21.
Qxe3 Kh8 22. Ne4 f5 23. Ng5 Rg8 24. Rc1 Qe7 25. Qe5+ f6 26. Rc7 fxe5 27. Rxe7 Rg7 28. Nf7+ Kg8 29. Rxb7 Rxf7 30. Rxb6 exf4 31. Rxe6 Rb8 32.
Rf2 Rd7 33. Rxf4 Rxb2 34. h3 Rxd3 35. Rxf5 Rg3 36. Rf2 Rb1+ 37. Kh2 Rg6 38. Rff6 Rg5 39. Rf2 Rg6 40. Rxg6+ hxg6 41. Rf6 Kg7 42. Rxa6 Rb3 43. Ra5 Ra3 44. h4 Kf6 45. g3 Kg7 46. Kh3 Kf6 47. Kg4 Rc3 48. Ra6+ Kg7 49. Kh3 Rc4 50. a5 Ra4 51. Kg2 Ra3 52. Kf2 Kf7 53. Ra7+ Kf6 54.
Kg2 Kf5 55. Kh3 Kf6 56. a6 Ra4 57. Ra8 Kg7 58. a7 Ra3 59. Kg4 Ra4+ 60. Kf3 Ra3+ 61. Ke4 Ra4+ 62. Ke5 Ra1 63. Kd6 Rd1+ 64. Ke5 Ra1 65.
g4 Re1+ 66. Kd4 Rd1+ 67. Ke3 Ra1 68. g5 Ra4 69. Kd3 Ra1 70. Kc2 Ra6 71. Kb3 Ra1 72.
Kc4 Rc1+ 73. Kd3 Ra1 74. Re8 Rxa7 75. Ke3 Ra3+ 76. Kf4 Rh3 77. Kg4 Ra3 78. Re7+ Kf8 79. Rc7 Ra4+ 80. Kg3 Kg8 81. Re7 Kf8 82. Re3 Kg7 83.
Rf3 Rb4 84. Rf4 Rb1 85. Kg4 Rg1+ 86. Kh3 1/2-1/2